 Dungeon Crawl Stone Soup version 0.29-a0-317-gd16b76e6b1 (webtiles) character file.

Game seed: 1010833126999690600

21 Leszczynek the Chopper (level 3, -6/28 HPs)
             Began as a Human Gladiator on Mar 31, 2022.
             Killed from afar by a white imp (9 damage)
             ... with a puff of frost
             ... on level 4 of the Dungeon.
             The game lasted 00:02:17 (411 turns).

Leszczynek the Chopper (Human Gladiator)             Turns: 411, Time: 00:02:18

Health: -6/28      AC:  4    Str: 16    XL:     3   Next: 2%
Magic:  3/3        EV: 12    Int:  8    God:
Gold:   13         SH:  0    Dex: 14    Spells: 2/2 levels left

rFire   . . .      SeeInvis +   a - +0 war axe
rCold   . . .      Faith    .   (no shield)
rNeg    . . .      Spirit   .   b - +0 leather armour
rPois   .          Reflect  .   c - +0 helmet
rElec   .          Harm     .   (no cloak)
rCorr   .          Rampage  .   (no gloves)
Will    .....                   (no boots)
Stlth   +.........              (no amulet)
HPRegen 0.09/turn               n - ring of see invisible
MPRegen 0.08/turn               (no ring)

@: no status effects
A: no striking features
a: no special abilities


You were on level 4 of the Dungeon.
You visited 1 branch of the dungeon, and saw 4 of its levels.

You collected 13 gold pieces.

Inventory:

Hand Weapons
 a - a +0 war axe (weapon)
Missiles
 d - 4 throwing nets (quivered)
 e - a javelin
 i - 2 poisoned darts
Armour
 b - a +0 leather armour (worn)
 c - a +0 helmet (worn)
Jewellery
 n - a ring of see invisible (left hand)
Scrolls
 h - a scroll of enchant armour {unknown}
 j - a scroll of acquirement {unknown}
 l - a scroll of fear {unknown}
 m - a scroll of teleportation {unknown}
Potions
 f - 3 potions of curing {unknown}
 g - a potion of lignification {unknown}
 k - a potion of invisibility {unknown}
 o - a potion of attraction {unknown}


   Skills:
 * Level 2.4 Fighting
 * Level 3.3 Axes
 + Level 2.2 Throwing
 + Level 3.2 Dodging


You had 2 spell levels left.
You didn't know any spells.
Your spell library was empty.

Dungeon Overview and Level Annotations

Branches:
Dungeon (4/15)
 Temple: D:4-7

Altars:


Message History

You completely miss the hobgoblin. The hobgoblin barely misses you.
You slash the hobgoblin!
You kill the hobgoblin!
You have reached level 3!
Your experience leads to an increase in your attributes!
Increase (S)trength, (I)ntelligence, or (D)exterity?
You feel stronger. x2
You see here a hobgoblin corpse.
Found a black potion.
You open the door.
There is an open door here.
You open the door.
Found a throwing net.
There is an open door here.
o - a black potion
Found a scroll labelled YLEXZEMOES.
d - 4 throwing nets (gained 1)
A white imp comes into view.
Found a scroll labelled HITUSO TEKU.
The white imp shouts, "Away with thee, thou fulsome half-faced coxcomb!"
The white imp gestures at you. The puff of frost hits you!
The white imp hits you but does no damage.
You barely miss the white imp. The white imp gestures at you.
The puff of frost hits you.
You hit the white imp.
The white imp is heavily wounded.
The white imp hits you but does no damage.
The white imp hits you. The white imp freezes you.
You hit the white imp.
The white imp is almost dead.
The white imp gestures at you. The puff of frost hits you.
* * * LOW HITPOINT WARNING * * *
You hit the white imp but do no damage.
The white imp is almost dead.
The white imp gestures at you. The puff of frost hits you!
You die...

#...........#
#.?.........#
#...........#
#...........##+
#..............
#........?.....
#.......5......
#######......@.......
#............#####...
+............#
#............#
#............#
####............#
................#
.†..####'#......#
....'....#......#


You could see a white imp.

Vanquished Creatures
  A dart slug (D:1)
  2 endoplasms
  A giant cockroach (D:1)
  A goblin (D:1)
  A hobgoblin (D:4)
  2 jackals (D:1)
  2 kobolds
  4 ball pythons
  3 rats (D:1)
17 creatures vanquished.

Notes
Turn   | Place    | Note
-------+----------+-------------------------------------------
     0 | D:1      | Leszczynek the Human Gladiator began the quest for the Orb.
     0 | D:1      | Reached XP level 1. HP: 16/16 MP: 1/1
   136 | D:2      | Reached XP level 2. HP: 16/22 MP: 2/2
   381 | D:4      | Reached XP level 3. HP: 24/28 MP: 3/3
   410 | D:4      | HP: 3/28 [white imp/puff of frost (6)]
   411 | D:4      | Killed from afar by a white imp

Illustrated notes

Levels and vault maps discovered:
D:1:      ncdulo_watergridlock, layout_loops_corners, serial_shops,
          nicolae_shop_crystal, item_on_display_a
D:2:      layout_rooms
D:3:      layout_loops_ring
D:4:      layout_gridville

Action                   || total
-------------------------++-------
Melee: War axe           ||    75
       Punch             ||     2
Armor: Leather armour    ||    31
Dodge: Dodged            ||    50

Table legend: (Time is in decaauts)
 A = Elapsed time spent in this place.
 B = Non-inter-level travel time spent in this place.
 C = Inter-level travel time spent in this place.
 D = Time resting spent in this place.
 E = Time spent auto-exploring this place.
 F = Levels seen in this place.
 G = Mean time per level.
                   A        B        C        D        E       F      G
               +--------+--------+--------+--------+--------+-----+--------+
         Total |    438 |    438 |      0 |      0 |      0 |   4 |  109.5 |
       Dungeon |    438 |    438 |      0 |      0 |      0 |   4 |  109.5 |
               +--------+--------+--------+--------+--------+-----+--------+

Top non-repeatable levels by time:
     D:1: 257 daAuts
     D:2: 89 daAuts
     D:4: 61 daAuts
     D:3: 30 daAuts
